 Dungeon Crawl Stone Soup version 0.28-a0-1510-gd0f6b136d3 (webtiles) character file.

Game seed: 6282091680396518211

672 karrick the Cudgeller (level 7, 0/44 HPs)
             Began as a Gargoyle Fighter on Jan 15, 2022.
             Was a Follower of Okawaru.
             Killed by divine providence
             ... invoked by an orc priest
              (11 damage)
             ... on level 5 of the Dungeon.
             The game lasted 00:10:26 (4034 turns).

karrick the Cudgeller (Gargoyle Fighter)            Turns: 4034, Time: 00:10:26

Health: 0/44       AC: 16    Str: 20    XL:     7   Next: 58%
Magic:  7/7        EV: 10    Int:  8    God:    Okawaru [*.....]
Gold:   283        SH: 10    Dex: 11    Spells: 6/6 levels left

rFire   . . .      SeeInvis .   a - +0 flail
rCold   . . .      Faith    .   c - +0 buckler
rNeg    + . .      Spirit   .   b - +0 scale mail
rPois   ∞          Reflect  +   (no helmet)
rElec   +          Harm     .   (no cloak)
rCorr   .          Rampage  .   (no gloves)
Will    .....                   (no boots)
Stlth   ..........              l - amulet of reflection
HPRegen 0.14/turn               h - +4 ring of protection
MPRegen 0.10/turn               (no ring)

@: no status effects
A: sickness immunity, AC +4, negative energy resistance 1, electricity
resistance, torment resistance 1, petrification resistance
a: Renounce Religion, Heroism


You were on level 5 of the Dungeon.
You worshipped Okawaru.
Okawaru was aware of your devotion.
You visited 2 branches of the dungeon, and saw 6 of its levels.

You collected 283 gold pieces.

Inventory:

Hand Weapons
 a - a +0 flail (weapon)
 m - the +2 dagger of Foul Odours {speed, Will+}
   (You found it on level 2 of the Dungeon)

   Attacks with this weapon are significantly faster.
   Will:      It increases your willpower.
 w - a +0 broad axe
 z - a +2 whip of draining
Missiles
 u - 6 silver boomerangs (quivered)
 y - a boomerang of dispersal
Armour
 b - a +0 scale mail (worn)
 c - a +0 buckler (worn)
Jewellery
 h - a +4 ring of protection (left hand)
 l - an amulet of reflection (around neck)
Scrolls
 e - a scroll of fear {unknown}
 f - 3 scrolls of identify {unknown}
 j - a scroll of immolation {unknown}
 k - a scroll of magic mapping {unknown}
 n - a scroll of acquirement {unknown}
 s - a scroll of fog {unknown}
 t - 3 scrolls of teleportation {unknown}
 x - a scroll of enchant weapon {unknown}
 A - a scroll of vulnerability {unknown}
Potions
 d - 2 potions of might
 g - a potion of mutation {unknown}
 i - a potion of invisibility {unknown}
 o - a potion of ambrosia {unknown}
 p - a potion of lignification {unknown}
 q - 2 potions of curing {unknown}
 r - 2 potions of brilliance {unknown}
 v - a potion of flight {unknown}


   Skills:
 + Level 4.3 Fighting
 + Level 5.6 Maces & Flails
 + Level 4.9 Armour
 + Level 1.7 Dodging
 + Level 0.6 Stealth
 + Level 4.9 Shields


You had 6 spell levels left.
You didn't know any spells.
Your spell library contained the following spells:

 Spells                   Type           Power      Damage    Failure   Level
 Apportation              Tloc           0%         N/A       83%         1
 Beastly Appendage        Tmut           0%         N/A       83%         1
 Magic Dart               Conj           0%         1d3       83%         1
 Sandblast                Erth           0%         2d4       83%         1
 Passwall                 Tmut/Erth      0%         N/A       92%         2
 Scorch                   Fire           0%         2d5       92%         2
 Wereblood                Tmut           0%         N/A       92%         2
 Conjure Flame            Conj/Fire      0%         6-21      99%         3
 Gell's Gravitas          Tloc           0%         N/A       99%         3
 Ignite Poison            Fire/Tmut/Pois 0%         N/A       99%         3
 Mephitic Cloud           Conj/Pois/Air  0%         N/A       99%         3
 Spider Form              Tmut/Pois      0%         N/A       99%         3
 Stone Arrow              Conj/Erth      0%         3d7       99%         3
 Teleport Other           Tloc           0%         N/A       99%         3
 Flame Wave               Conj/Fire      0%         2d4       100%        4
 Olgreb's Toxic Radiance  Pois           0%         N/A       100%        4
 Sticky Flame             Conj/Fire      0%         2d3       100%        4
 Dispersal                Tloc           0%         N/A       100%        6
 Ozocubu's Refrigeration  Ice            0%         4d5       100%        7
 Ignition                 Fire           0%         3d3       100%        8
 Animate Skeleton         Necr           Unusable   N/A       N/A         1
 Summon Small Mammal      Summ           Unusable   N/A       N/A         1
 Call Imp                 Summ           Unusable   N/A       N/A         2
 Sublimation of Blood     Necr           Unusable   N/A       N/A         2
 Summon Cactus Giant      Summ           Unusable   N/A       N/A         6
 Summon Hydra             Summ           Unusable   N/A       N/A         7

Dungeon Overview and Level Annotations

Branches:
Dungeon (5/15)             Temple (1/1) D:4

Altars:
Ashenzari
Cheibriados
Elyvilon
Fedhas
Gozag
Hepliaklqana
Kikubaaqudgha
Nemelex Xobeh
Okawaru
Qazlal
Ru
Sif Muna
Wu Jian
Yredelemnul
Zin


Innate Abilities, Weirdness & Mutations

You are immune to sickness and miasma.
Your stone body is resilient. (AC +4)
You are immune to poison.
You resist negative energy. (rN+)
You are resistant to electric shocks. (rElec)
You are resistant to unholy torment.
You are immune to petrification.


Message History

You block the orc's attack.
The orc priest hits you with a +2 hand axe of electrocution.
You thump the orc priest!
The orc priest is heavily wounded.
The orc misses you.
The orc priest invokes the aid of Beogh against you.
Beogh smites you!
You hear a shout!
You hit the orc priest but do no damage.
The orc priest is heavily wounded.
The orc hits you but does no damage.
The orc priest casts a cantrip, but nothing happens.
You hit the orc priest.
The orc priest is almost dead.
The orc hits you but does no damage. You block the orc priest's attack.
An orc comes into view. It is wielding a +0 club.
You hit the orc priest but do no damage.
The orc priest is almost dead.
The orc hits you but does no damage. You block the orc priest's attack.
An orc comes into view. It is wielding a +0 dagger.
You block the orc's attack. You block the orc priest's attack.
You barely miss the orc priest.
The orc priest is almost dead.
You block the orc's attack.
The orc priest invokes the aid of Beogh against you.
Beogh smites you!
You are too injured to fight recklessly!
You are too injured to fight recklessly!
You are too injured to fight recklessly!
You are too injured to fight recklessly!
You are too injured to fight recklessly!
There are monsters nearby!
The orc priest invokes the aid of Beogh against you.
Pain shoots through your body!
* * * LOW HITPOINT WARNING * * *
Okay, then.
The orc priest looks encouraged for a moment.
The orc priest mumbles some strange prayers to Beogh against you.
Beogh smites you!
You die...

#..#.......
####.#.###..##
#.......##.##
#.#####.##.# ####.#
#.##.# ##....# #....#
#.###.# #.#### #.#
#.#####.# #@# #.......#
#o# ####.#### ####.# #.#
#.###...o# #.#
#........# #.#
#####..o.# #.#
.############.#.# #.#
.......oo...o...######.#
###...o#####..........#


You could see 2 orc priests and 2 orcs.

Vanquished Creatures
  A water moccasin (D:5)
  A sky beast (D:5)
  A water moccasin skeleton (D:4)
  A howler monkey (D:5)
  A crimson imp (D:5)
  A gnoll shaman (D:5)
  A jelly (D:4)
  3 hounds
  A centaur skeleton (D:4)
  A scorpion zombie (D:5)
  A hound skeleton (D:4)
  2 adders
  3 gnolls
  A worm (D:4)
  A dart slug (D:3)
  8 orcs
  7 ball pythons
  3 bats
  12 endoplasms
  4 giant cockroaches
  4 goblins
  7 hobgoblins
  3 jackals (D:2)
  4 quokkas
  A frilled lizard (D:2)
  4 kobolds
  6 rats
83 creatures vanquished.

Notes
Turn   | Place    | Note
-------+----------+-------------------------------------------
     0 | D:1      | karrick the Gargoyle Fighter began the quest for the Orb.
     0 | D:1      | Reached XP level 1. HP: 14/14 MP: 1/1
   328 | D:1      | Reached XP level 2. HP: 19/19 MP: 2/2
   935 | D:1      | Found a faded altar of an unknown god.
  1167 | D:2      | Reached XP level 3. HP: 23/23 MP: 3/3
  1441 | D:2      | Identified the +2 dagger of Foul Odours {speed, Will+}
  1467 | D:2      | Reached skill level 3 in Maces & Flails
  1739 | D:3      | Reached XP level 4. HP: 28/28 MP: 4/4
  2067 | D:4      | Reached XP level 5. HP: 24/33 MP: 5/5
  2251 | D:4      | Reached skill level 1 in Dodging
  2269 | D:4      | Reached skill level 4 in Maces & Flails
  2397 | D:4      | Found a staircase to the Ecumenical Temple.
  2441 | Temple   | Entered the Ecumenical Temple
  2821 | D:4      | Found an iron altar of Okawaru.
  2831 | D:4      | Became a worshipper of Warmaster Okawaru
  2993 | D:4      | Reached XP level 6. HP: 34/38 MP: 6/6
  3120 | D:5      | Entered Level 5 of the Dungeon
  3120 | D:5      | Noticed a sky beast
  3184 | D:5      | Killed a sky beast
  3285 | D:5      | Found a glowing silver altar of Zin.
  3420 | D:5      | Noticed a water moccasin
  3450 | D:5      | Killed a water moccasin
  3450 | D:5      | Reached * piety under Okawaru
  3451 | D:5      | Reached skill level 5 in Maces & Flails
  3451 | D:5      | Reached XP level 7. HP: 35/43 MP: 7/7
  3919 | D:5      | Found an ornate altar of the Wu Jian Council.
  3925 | D:5      | Found a sacrificial altar of Ru.
  4034 | D:5      | Killed from afar by an orc priest

Illustrated notes

Levels and vault maps discovered:
D:1:      dpeg_arrival_radiant, layout_basic,
          shapermc_ecumenical_altar_notcrosses
D:2:      layout_rooms
D:3:      layout_rooms
D:4:      layout_loops_ring, okawaru_ov_weapons_minmay, temple_pool_b
D:5:      layout_loops_ring, grunt_temple_overflow_champion_of_chaos,
          nicolae_overflow_hidden_temple, gammafunk_ghost_grave
Temple:   minmay_temple_curvy_loop

Skill      XL: |  1  2  3  4  5  6 |
---------------+-------------------+-----
Maces & Flails | 3 4 5 |  5.6
Armour         | 4 |  4.9
Dodging        | 1 |  1.7
Shields        | 4 |  4.9
Fighting       | 4 |  4.3
Stealth        | |  0.6

Action                   |  1- 3 |  4- 6 |  7- 9 || total
-------------------------+-------+-------+-------++-------
Melee: Flail             |   108 |   174 |    90 ||   372
Armor: Scale mail        |    72 |    78 |    46 ||   196
Dodge: Dodged            |    48 |    64 |    30 ||   142
Block: Buckler           |    32 |    75 |    56 ||   163
       Reflection        |       |     1 |       ||     1

Table legend: (Time is in decaauts)
 A = Elapsed time spent in this place.
 B = Non-inter-level travel time spent in this place.
 C = Inter-level travel time spent in this place.
 D = Time resting spent in this place.
 E = Time spent auto-exploring this place.
 F = Levels seen in this place.
 G = Mean time per level.
                   A        B        C        D        E       F      G
               +--------+--------+--------+--------+--------+-----+--------+
         Total |   4130 |   4031 |     99 |    122 |   3014 |   6 |  688.3 |
       Dungeon |   3912 |   3835 |     77 |    122 |   2825 |   5 |  782.4 |
        Temple |    217 |    195 |     22 |      0 |    189 |   1 |  217.0 |
               +--------+--------+--------+--------+--------+-----+--------+

Top non-repeatable levels by time:
     D:1: 1170 daAuts
     D:4: 1074 daAuts
     D:5: 778 daAuts
     D:2: 590 daAuts
     D:3: 297 daAuts
  Temple: 217 daAuts
